 Dungeon Crawl Stone Soup version 0.21.1-1-g345015f (webtiles) character file.

93 Kagorn the Skirmisher (level 4, -8/29 HPs)
             Began as a Gargoyle Fighter on June 10, 2018.
             Was a Believer of Jiyva.
             Mangled by an ogre
             ... wielding a +0 giant spiked club
              (16 damage)
             ... on level 3 of the Dungeon.
             The game lasted 00:09:17 (1913 turns).

Kagorn the Skirmisher (Gargoyle Fighter)            Turns: 1913, Time: 00:09:17

Health: -8/29      AC: 10    Str: 20    XL:     4   Next: 61%
Magic:  4/4        EV:  7    Int:  8    God:    Jiyva [**....]
Gold:   61         SH:  9    Dex: 10    Spells: 3/3 levels left

rFire    . . .     SeeInvis .   n - +0 dagger (venom)
rCold    . . .     Gourm    .   c - +0 shield
rNeg     + . .     Faith    .   b - +0 scale mail
rPois    ∞         Spirit   .   (no helmet)
rElec    +         Reflect  .   (no cloak)
rCorr    .         Harm     .   (no gloves)
MR       .....                  (no boots)
Stlth    ..........             (no amulet)
HPRegen  0.09/turn              (no ring)
MPRegen  0.09/turn              (no ring)

@: no status effects
A: negative energy resistance 1, electricity resistance, unbreathing,
petrification resistance, rot immunity, AC +3
a: Request Jelly, Renounce Religion


You were on level 3 of the Dungeon.
You worshipped Jiyva.
Jiyva was pleased with you.
You were not hungry.

You visited 1 branch of the dungeon, and saw 3 of its levels.

You collected 61 gold pieces.

Inventory:

Hand Weapons
 a - a +0 flail
 h - a +0 dagger of holy wrath
 n - a +0 dagger of venom (weapon)
Armour
 b - a +0 scale mail (worn)
 c - a +0 shield (worn)
Jewellery
 l - a cursed ring of teleportation {unknown}
 o - an uncursed ring of positive energy {unknown}
Scrolls
 e - 4 scrolls of teleportation {unknown}
 g - 6 scrolls of remove curse
 k - a scroll of identify {unknown}
Potions
 d - a potion of might
 i - a potion of lignification {unknown}
 j - 2 potions of flight {unknown}
 m - 2 potions of curing {unknown}
Comestibles
 f - 3 rations


   Skills:
 * Level 4.1 Fighting
 * Level 1.1 Short Blades
 - Level 2.4 Maces & Flails
 + Level 3.6 Armour
 + Level 0.7 Dodging
 + Level 1.2 Stealth
 + Level 3.6 Shields


You had 3 spell levels left.
You didn't know any spells.

Dungeon Overview and Level Annotations

Branches:
Dungeon (3/15)

Altars:
Xom
Jiyva


Innate Abilities, Weirdness & Mutations

You are resistant to torment.
Your stone body is resilient. (AC +3)
You are immune to poison.
You resist negative energy. (rN+)
You are resistant to electric shocks. (rElec)
You can survive without breathing.
You are immune to petrification.
You are immune to rotting.


Message History

You hit the ogre.
The ogre is lightly wounded.
The ogre barely misses you.
Your shield prevents you from hitting the ogre.
Your shield and scale mail prevent you from hitting the ogre.
The ogre hits you with a giant spiked club!
You hit the ogre.
The ogre is poisoned.
The ogre is lightly wounded.
You block the ogre's attack.
You barely miss the ogre.
The ogre is lightly wounded.
You closely miss the ogre.
The ogre is lightly wounded.
The ogre hits you with a giant spiked club!
* * * LOW HITPOINT WARNING * * *
Your shield and scale mail prevent you from hitting the ogre.
The ogre is lightly wounded.
The ogre hits you with a giant spiked club!
Ouch! That really hurt!
You die...

####### ###......#
##..............#
.....J..........# #
#..............
...#####.............
#.........>.......#
.#..O@..J........#
.................##
....#..#..........#
##....##..........#
...>. #..........#
#................######
....#..#......####......
.............## #......
###.......# ##.....


You could see an ogre, a neutral jelly (fellow slime) and a neutral ooze (fellow
slime).

Vanquished Creatures
  3 adders
  A worm (D:2)
  A dart slug (D:2)
  3 leopard geckos
  An orc (D:3)
  A giant cockroach (D:2)
  8 goblins
  5 hobgoblins
  4 jackals (D:3)
  7 kobolds
  A quokka (D:2)
  A ball python (D:1)
  8 bats
  3 frilled lizards (D:2)
  7 rats
54 creatures vanquished.

Vanquished Creatures (others)
  A jelly (D:3)
  An adder (D:3)
  A hobgoblin (D:3)
  A frilled lizard (D:3)
4 creatures vanquished.

Grand Total: 58 creatures vanquished

Notes
Turn   | Place    | Note
-------+----------+-------------------------------------------
     0 | D:1      | Kagorn the Gargoyle Fighter began the quest for the Orb.
     0 | D:1      | Reached XP level 1. HP: 14/14 MP: 1/1
   199 | D:1      | Reached XP level 2. HP: 17/19 MP: 2/2
   362 | D:1      | Found a shimmering altar of Xom.
   908 | D:2      | Reached XP level 3. HP: 23/23 MP: 3/3
   985 | D:2      | Reached skill level 1 in Stealth
  1388 | D:2      | Reached skill level 4 in Fighting
  1388 | D:2      | Reached XP level 4. HP: 28/29 MP: 4/4
  1740 | D:2      | Found a faded altar of an unknown god.
  1743 | D:2      | Became a worshipper of Jiyva Jerhorgh the Shapeless
  1743 | D:2      | Reached * piety under Jiyva
  1848 | D:3      | Reached skill level 1 in Short Blades
  1852 | D:3      | Reached ** piety under Jiyva
  1902 | D:3      | Noticed an ogre
  1913 | D:3      | Mangled by an ogre

Skill      XL: |  1  2  3  4 |
---------------+-------------+-----
Stealth        | 1 |  1.2
Fighting       | 4 |  4.1
Short Blades   | 1 |  1.1
Maces & Flails | |  2.4
Armour         | |  3.6
Dodging        | |  0.7
Shields        | |  3.6

Action                   |  1- 3 |  4- 6 || total
-------------------------+-------+-------++-------
Melee: Flail             |    72 |       ||    72
       Dagger            |    42 |    67 ||   109
  Use: Scroll            |     1 |       ||     1
  Eat: Ration            |     1 |       ||     1
Armor: Scale mail        |    57 |    36 ||    93
Dodge: Dodged            |    35 |    32 ||    67
Block: Shield            |    56 |    42 ||    98
